 Dungeon Crawl Stone Soup version 0.29-a0-1065-g47a6bb87d6 (webtiles) character file.

Game seed: 2329890329241848587

3103 funkygono the Basher (level 9, -4/57 HPs)
             Began as a Gargoyle Fighter on Aug 18, 2022.
             Was an Initiate of Okawaru.
             Slain by a two-headed ogre
             ... wielding a +0 giant spiked club
              (9 damage)
             ... on level 9 of the Dungeon.
             The game lasted 00:16:21 (8439 turns).

funkygono the Basher (Gargoyle Fighter)             Turns: 8439, Time: 00:16:22

Health: -4/57      AC: 27    Str: 29    XL:     9   Next: 90%
Magic:  0/9        EV:  6    Int: 10    God:    Okawaru [......]
Gold:   402        SH:  9    Dex:  9    Spells: 7/8 levels left

rFire   . . .      SeeInvis +   a - +1 flail (flame)
rCold   . . .      Faith    .   e - +0 kite shield
rNeg    + . .      Spirit   +   j - +0 plate armour
rPois   ∞          Reflect  .   s - +2 helmet {SInv}
rElec   +          Harm     .   w - +2 cloak
rCorr   .          Rampage  .   F - +0 pair of gloves
Will    .....                   (no boots)
Stlth   ..........              B - amulet of guardian spirit
HPRegen 0.19/turn               g - ring of wizardry
MPRegen 0.11/turn               b - +6 ring of strength

@: no status effects
A: sickness immunity, AC +6, negative energy resistance 1, electricity
resistance, torment resistance 1, petrification resistance
a: Renounce Religion


You were on level 9 of the Dungeon.
You worshipped Okawaru.
Okawaru was noncommittal.
You visited 2 branches of the dungeon, and saw 10 of its levels.
You also visited: Sewer.

You collected 492 gold pieces.
You spent 90 gold pieces at shops.

Inventory:

Hand Weapons
 a - a +1 flail of flaming (weapon)
 l - a +0 sling
 v - a +3 quarterstaff of chaos
Missiles
 k - 5 poisoned darts (quivered)
 o - 68 stones
Armour
 e - a +0 kite shield (worn)
 h - a +0 chain mail
 j - a +0 plate armour (worn)
 r - +0 steam dragon scales
 s - a +2 helmet of see invisible (worn)
 t - an orb of light
 w - a +2 cloak (worn)
 y - the +0 leather armour of Uskayaw's Fury {Regen+ Stlth+}
   (You found it on level 6 of the Dungeon)

   Regen:     It increases your rate of health regeneration.
   Stlth:     It makes you more stealthy.
 F - a +0 pair of gloves (worn)
Jewellery
 b - a +6 ring of strength (right hand)
 g - a ring of wizardry (left hand)
 p - a ring of see invisible
 A - a ring of fire
 B - an amulet of guardian spirit (around neck)
 H - a ring of magical power
Wands
 C - a wand of light (1)
Scrolls
 u - a scroll of brand weapon
 x - 4 scrolls of identify
 D - a scroll of fear
 E - a scroll of butterflies
 G - a scroll of magic mapping {unknown}
Potions
 c - 11 potions of flight
 f - a potion of cancellation
 i - 3 potions of curing
 n - a potion of mutation
 z - 2 potions of invisibility


   Skills:
 * Level 7.2 Fighting
 + Level 8.8 Maces & Flails
 + Level 0.5 Throwing
 + Level 7.0 Armour
 + Level 1.2 Dodging
 + Level 1.0 Stealth
 + Level 7.3 Shields


You had 7 spell levels left.
You knew the following spells:

 Your Spells              Type           Power      Damage    Failure   Level
a - Magic Dart            Conj           0%         1d3       96%         1

Your spell library contained the following spells:

 Spells                   Type           Power      Damage    Failure   Level
 Searing Ray              Conj           0%         2d4       99%         2
 Fulminant Prism          Conj/Hex       0%         3d6       100%        4


Dungeon Overview and Level Annotations

Branches:
Dungeon (9/15)             Temple (1/1) D:6           Sewer (visited)
   Lair: D:8-11         Orc: D:9-12

Altars:
Cheibriados
Dithmenos
Elyvilon
Fedhas
Gozag
Hepliaklqana
Kikubaaqudgha
Makhleb
Nemelex Xobeh
Okawaru
Qazlal
Ru
Sif Muna
Trog
Uskayaw
Vehumet
Wu Jian
Xom
Yredelemnul
The Shining One
Ignis

Shops:
D:4 :   D:8 ?

Portals:
Bailey: D:9


Innate Abilities, Weirdness & Mutations

You are immune to sickness and miasma.
Your stone body is resilient. (AC +6)
You are immune to poison.
You resist negative energy. (rN+)
You are resistant to electric shocks. (rElec)
You are resistant to unholy torment.
You are immune to petrification.


Message History

You sock the orc! You burn the orc.
You kill the orc!
Okawaru accepts your kill. The goblin hits you but does no damage.
You hit the goblin but do no damage. The goblin hits you but does no damage.
You sock the goblin! You burn the goblin.
You kill the goblin!
A two-headed ogre comes into view.
It is wielding a +0 giant spiked club and a +0 giant club.
Things that are here:
a +0 dagger; a boomerang; a goblin corpse The two-headed ogre shouts in stereo!
You now have 402 gold pieces (gained 20).
Things that are here:
a +0 dagger; a +0 robe
Items here: )))) [[[ †.
Things that are here:
a +0 dagger; a +0 robe
Okay, then.
Aiming: Bolt of Light
Press: ? - help, Shift-Dir - straight line, f - two-headed ogre
Aim: a two-headed ogre, wielding a +0 giant spiked club and a +0 giant club (86% to hit)
The bolt of light hits the two-headed ogre!
The two-headed ogre is moderately wounded.
The two-headed ogre is blinded.
The two-headed ogre barely misses you.
The two-headed ogre hits you with a +0 giant club!!
* * * LOW HITPOINT WARNING * * *
Things that are here:
a +0 dagger; a +0 robe You hit the two-headed ogre.
You burn the two-headed ogre.
The two-headed ogre is moderately wounded.
The two-headed ogre closely misses you.
The two-headed ogre hits you with a +0 giant club!
* * * LOW HITPOINT WARNING * * *
You hit the two-headed ogre. You burn the two-headed ogre.
The two-headed ogre is moderately wounded.
You closely miss the two-headed ogre.
The two-headed ogre is moderately wounded.
The two-headed ogre hits you with a +0 giant spiked club!
You die...

..... ≈≈... .... .....
....... .... .... .....
........ ......... .....
........ ... ..... .....
........♣♣.♣♣...........
.....
.....O...♣.♣............
.......♣.....♣..........
.......♣♣)..♣♣..........
.......O@._.............
.......♣♣...♣♣......$...
.......♣.....♣..........
.........♣.♣............
........♣♣.♣♣..........#
........())...........##
..........)..........##
.............!......##
..................##


You could see a two-headed ogre (blind).

Vanquished Creatures
  Prince Ribbit (D:5)
  3 steam dragons
  Duvessa (D:4)
  An ice beast (D:8)
  A sky beast (D:7)
  2 centaurs
  2 ogres
  2 phantoms
  A bullfrog (D:6)
  4 scorpions
  A necrophage (D:6)
  4 wights
  Dowan (D:4)
  An electric eel (D:6)
  5 howler monkeys
  Crazy Yiuf (D:4)
  3 hounds
  4 orc priests
  2 jellies
  3 iguanas
  Ijyb (D:4)
  7 orc wizards
  Robin (D:4)
  A gnoll (D:1)
  4 river rats (Sewer)
  11 adders
  2 shadow imps (D:5)
  A white imp (D:7)
  An ufetubus (D:6)
  5 worms
  2 dart slugs
  16 orcs
  13 bats
  5 endoplasms
  4 giant cockroaches
  17 goblins
  11 hobgoblins
  16 jackals
  7 kobolds
  2 quokkas
  12 ball pythons
  5 frilled lizards
  4 rats
191 creatures vanquished.

Vanquished Creatures (others)
  5 fungi (D:4)
5 creatures vanquished.

Grand Total: 196 creatures vanquished

Notes
Turn   | Place    | Note
-------+----------+-------------------------------------------
     0 | D:1      | funkygono the Gargoyle Fighter began the quest for the Orb.
     0 | D:1      | Reached XP level 1. HP: 14/14 MP: 1/1
   231 | D:1      | Reached XP level 2. HP: 19/19 MP: 2/2
   616 | D:1      | Reached XP level 3. HP: 16/23 MP: 3/3
   627 | D:1      | Learned a level 1 spell: Magic Dart
   944 | D:1      | Found a faded altar of an unknown god.
  1569 | D:2      | Reached skill level 3 in Maces & Flails
  1569 | D:2      | Reached XP level 4. HP: 28/28 MP: 4/4
  2769 | D:4      | Found a shadowy altar of Dithmenos.
  2794 | D:4      | Reached XP level 5. HP: 30/33 MP: 5/5
  2859 | D:4      | Noticed Ijyb
  2870 | D:4      | Noticed an ogre
  2902 | D:4      | Killed Ijyb
  2903 | D:4      | Reached skill level 4 in Maces & Flails
  2934 | D:4      | Noticed Robin
  3016 | D:3      | Killed an ogre
  3017 | D:3      | Reached XP level 6. HP: 30/38 MP: 6/6
  3176 | D:4      | Killed Robin
  3273 | D:4      | Found Acheoneg's Self-Improvement Boutique.
  3293 | D:4      | Noticed Dowan
  3325 | D:4      | Killed Dowan
  3326 | D:4      | Reached skill level 5 in Armour
  3491 | D:4      | Noticed Duvessa
  3501 | D:4      | HP: 1/38 [Duvessa/+0 rapier (4)]
  3503 | D:4      | Killed Duvessa
  3826 | D:4      | Reached XP level 7. HP: 43/43 MP: 7/7
  3868 | D:4      | Reached skill level 5 in Maces & Flails
  3984 | D:4      | Found a sparkling altar of Nemelex Xobeh.
  4846 | D:4      | Found a runed translucent door.
  4847 | D:4      | Noticed Crazy Yiuf
  4857 | D:4      | Killed Crazy Yiuf
  4944 | D:5      | Entered Level 5 of the Dungeon
  5100 | D:5      | Found a glowing drain.
  5114 | Sewer    | Entered a sewer
  5157 | Sewer    | Reached skill level 5 in Shields
  5540 | Sewer    | Reached XP level 8. HP: 46/48 MP: 8/8
  5559 | Sewer    | Reached skill level 5 in Fighting
  5930 | D:5      | Reached skill level 6 in Maces & Flails
  5971 | D:5      | Noticed Prince Ribbit
  6024 | D:5      | Killed Prince Ribbit
  6610 | D:6      | Reached skill level 1 in Stealth
  6679 | D:6      | Reached skill level 1 in Dodging
  6821 | D:6      | Reached XP level 9. HP: 49/55 MP: 9/9
  6850 | D:6      | Found a staircase to the Ecumenical Temple.
  6869 | Temple   | Entered the Ecumenical Temple
  6973 | D:6      | Reached skill level 7 in Maces & Flails
  6975 | D:6      | Identified the +0 leather armour of Uskayaw's Fury {Regen+
                  | Stlth+}
  7287 | D:6      | Found a bloodstained altar of Trog.
  7288 | D:6      | Found a white marble altar of Elyvilon.
  7561 | D:7      | Found a sacrificial altar of Ru.
  7586 | D:7      | Reached skill level 8 in Maces & Flails
  7604 | D:7      | Found a shimmering altar of Xom.
  7889 | D:7      | Identified the +2 ring mail of Ennemey {Dex+4}
  7919 | D:7      | Found a shimmering blue altar of Sif Muna.
  8113 | D:8      | Found Koiqybun's Magic Scroll Shop.
  8238 | D:8      | Bought a scroll of enchant armour for 90 gold pieces
  8292 | D:9      | Noticed a kobold demonologist
  8292 | D:9      | Noticed a kobold demonologist
  8294 | D:9      | Noticed a sun demon
  8300 | D:9      | Noticed a rust devil
  8302 | D:9      | Noticed a smoke demon
  8303 | D:9      | Noticed a red devil
  8309 | D:9      | Found a flagged portal.
  8317 | D:9      | Noticed a hornet
  8370 | D:9      | Found an iron altar of Okawaru.
  8405 | D:9      | Became a worshipper of Warmaster Okawaru
  8428 | D:9      | Noticed a two-headed ogre
  8439 | D:9      | Slain by a two-headed ogre

Illustrated notes

Levels and vault maps discovered:
D:1:      dpeg_arrival_central, layout_basic,
          shapermc_ecumenical_altar_mp_vishouse
D:2:      layout_rooms, minmay_3d_cube
D:3:      layout_rooms, chequers_serial_rivers_micro_d
D:4:      layout_layer_cave, lemuel_crystal_altar, nemelex_spade_bored_becter,
          nicolae_shop_self_help, uniq_ijyb, uniq_duvessa,
          uniq_crazy_yiuf_cottage, uniq_robin
D:5:      layout_cave_pools, cheibrodos_sewer_entry_drain, uniq_prince_ribbit1
D:6:      layout_basic, nicolae_overflow_squiral,
          minmay_temple_entry_statues_pillars
D:7:      layout_layer_cave, lemuel_tele_altar, lemuel_crystal_altar,
          amcnicky_altar_gilded
D:8:      hangedman_cross_stitches, layout_rooms, zin_scriptorium, serial_shops,
          kennysheep_mini_moat, kennysheep_mini, shop, shop,
          nicolae_shop_temple_entry_statues_fountains,
          chequers_serial_rivers_room_b, uniq_psyche
D:9:      layout_big_octagon, mainiacjoe_overflow_small_starburst,
          enter_bailey_5
Temple:   pdpol_scorched_temple

Skill      XL: |  1  2  3  4  5  6  7  8  9 |
---------------+----------------------------+-----
Maces & Flails | 3 4 5 6 8 |  8.8
Shields        | 4 5 6 7 |  7.3
Armour         | 4 5 6 7 |  7.0
Fighting       | 4 5 7 |  7.2
Stealth        | 1 |  1.0
Dodging        | 1 |  1.2
Throwing       | |  0.5

Action                   |  1- 3 |  4- 6 |  7- 9 || total
-------------------------+-------+-------+-------++-------
Melee: Flail             |    94 |   160 |   490 ||   744
Throw: Dart              |       |     5 |     5 ||    10
Evoke: Wand              |       |       |     1 ||     1
  Use: Scroll            |     2 |     6 |    13 ||    21
       Potion            |       |     3 |     6 ||     9
 Stab: Distracted        |       |       |     1 ||     1
Armor: Scale mail        |    10 |       |       ||    10
       Chain mail        |    59 |     8 |       ||    67
       Plate armour      |       |   133 |   482 ||   615
Dodge: Dodged            |    31 |    42 |   178 ||   251
Block: Kite shield       |    52 |    72 |   308 ||   432
       Buckler           |     2 |       |       ||     2

Table legend: (Time is in decaauts)
 A = Elapsed time spent in this place.
 B = Non-inter-level travel time spent in this place.
 C = Inter-level travel time spent in this place.
 D = Time resting spent in this place.
 E = Time spent auto-exploring this place.
 F = Levels seen in this place.
 G = Mean time per level.
                   A        B        C        D        E       F      G
               +--------+--------+--------+--------+--------+-----+--------+
         Total |   8828 |   8600 |    228 |    439 |   6022 |  11 |  802.5 |
       Dungeon |   7857 |   7634 |    223 |    439 |   5364 |   9 |  873.0 |
        Temple |     70 |     65 |      5 |      0 |     34 |   1 |   70.0 |
         Sewer |    900 |    900 |      0 |      0 |    624 |   1 |  900.0 |
               +--------+--------+--------+--------+--------+-----+--------+

Top non-repeatable levels by time:
     D:4: 2068 daAuts
     D:1: 1105 daAuts
     D:3: 999 daAuts
     D:5: 961 daAuts
     D:2: 901 daAuts
   Sewer: 900 daAuts
     D:6: 881 daAuts
     D:7: 575 daAuts
     D:9: 184 daAuts
     D:8: 178 daAuts
  Temple: 70 daAuts
